AoeStats
← sNNNNN9STAR!

Oasis

507787948Analyzed
3v3 RM · 14d ago on Sep 19, 2026· 60m 42s· 6 players
Game mode
Random Map
Map size
Normal (6 player)
Population
200
Speed
Normal
Resources
Standard
Victory
Conquest
Starting age
Dark Age
Ending age
Imperial Age
RankedLock teamsTeams togetherTeam positionsShared explorationLock speedFull tech treeHidden civsTurbo modeCheats
Victory
Defeat
🇩🇪 Teutons · Germany
1214
+14
🇩🇪 Bulgarians · Germany
1195
+15
🇩🇪 Maya · Germany
1034
+21
🇺🇸 Romans · United States
1191
-18
🇵🇪 Turks · Peru
1171
-17
🇧🇾 Mongols · Belarus
1115
-15
Ding-Dong
2:13 Loom
12:57 Feudal Age
17:03 Castle Age
19:57 Double-Bit Axe
20:17 Horse Collar
22:12 Wheelbarrow
22:53 Town Watch
26:57 Hand Cart
27:01 Fletching
27:08 Gold Mining
27:11 Stone Mining
31:17 Imperial Age
29:40 Bodkin Arrow
30:23 Scale Barding Armor
30:29 Forging
30:43 Ballistics
31:06 Bloodlines
32:01 Chain Barding Armor
32:22 Crenellations
32:29 Cavalier
34:47 Chemistry
34:10 Heavy Plow
36:24 Plate Barding Armor
37:19 Paladin
38:47 Iron Casting
38:07 Pikeman
39:27 Squires
40:09 Siege Engineers
40:23 Halberdier
43:56 Blast Furnace
42:57 Scale Mail Armor
44:10 Blast Furnace
44:01 Conscription
44:05 Arson
45:02 Chain Mail Armor
47:20 Masonry
47:22 Fortified Wall
47:50 Caravan
48:53 Ironclad
50:19 Plate Mail Armor
53:05 Crop Rotation
Dom..
0:33 Loom
12:34 Feudal Age
13:01 Double-Bit Axe
17:47 Castle Age
16:55 Horse Collar
18:50 Bow Saw
19:48 Wheelbarrow
23:00 Heavy Plow
25:14 Gold Mining
25:17 Stone Mining
26:36 Scale Barding Armor
26:42 Forging
26:33 Scale Mail Armor
29:24 Gold Shaft Mining
29:27 Stone Shaft Mining
29:23 Hand Cart
30:21 Chain Barding Armor
30:46 Bloodlines
30:39 Husbandry
34:37 Imperial Age
32:34 Stirrups
33:39 Ballistics
35:31 Chain Mail Armor
35:28 Forging
34:51 Elite Konnik
35:52 Conscription
36:40 Crop Rotation
36:09 Murder Holes
37:17 Chemistry
36:37 Caravan
37:41 Plate Barding Armor
37:37 Plate Mail Armor
37:43 Iron Casting
40:59 Blast Furnace
48:03 Siege Engineers
sNNNNN9STAR!
0:52 Loom
11:19 Feudal Age
11:45 Double-Bit Axe
21:13 Castle Age
19:05 Town Watch
20:05 Fletching
20:19 Padded Archer Armor
21:24 Gold Mining
21:27 Stone Mining
22:26 Horse Collar
23:28 Bow Saw
24:42 Thumb Ring
24:33 Crossbowman
25:27 Bodkin Arrow
28:22 Crossbowman
33:53 Heavy Plow
36:33 Leather Archer Armor
38:24 Wheelbarrow
39:40 Fortified Wall
39:11 Treadmill Crane
39:57 Ballistics
47:07 Imperial Age
45:27 Stone Shaft Mining
45:28 Murder Holes
47:20 Hul'che Javelineers
46:41 Elite Skirmisher
48:37 Conscription
47:45 Elite Plumed Archer
49:00 Hoardings
48:54 Capped Ram
49:36 Bracer
50:41 Chemistry
50:59 Siege Ram
52:38 Crop Rotation
53:14 Two-Man Saw
52:32 Arbalester
53:57 Masonry
60:14 Pikeman
60:55 Squires
PDP.dog
9:17 Feudal Age
18:21 Castle Age
16:37 Double-Bit Axe
18:26 Horse Collar
19:53 Bow Saw
21:22 Stone Mining
24:43 Loom
25:33 Wheelbarrow
24:44 Town Watch
26:14 Gold Mining
26:47 Hand Cart
27:48 Gold Shaft Mining
27:12 Fletching
31:51 Imperial Age
29:32 Heavy Plow
29:53 Fortified Wall
30:36 Bodkin Arrow
32:07 Stone Shaft Mining
31:58 Ballistics
34:21 Masonry
33:40 Capped Ram
35:51 Chemistry
36:07 Bracer
35:30 Siege Ram
36:35 Forging
38:23 Iron Casting
38:02 Bloodlines
37:46 Heavy Camel Rider
38:40 Scale Barding Armor
40:45 Heavy Plow
40:12 Light Cavalry
41:42 Hussar
44:13 Scale Barding Armor
45:09 Blast Furnace
46:30 Chain Barding Armor
46:37 Thumb Ring
45:53 Elite Skirmisher
47:44 Parthian Tactics
51:20 Padded Archer Armor
52:10 Scale Mail Armor
52:26 Leather Archer Armor
Pundabar
10:08 Feudal Age
10:54 Double-Bit Axe
11:24 Loom
16:40 Castle Age
15:29 Man-at-Arms
18:30 Horse Collar
23:23 Scale Mail Armor
25:18 Long Swordsman
26:23 Forging
27:02 Wheelbarrow
26:34 Gold Mining
29:31 Chain Mail Armor
31:38 Ballistas
32:01 Ballistics
33:14 Fletching
36:18 Fortified Wall
38:47 Imperial Age
36:34 Bow Saw
37:09 Squires
37:49 Hand Cart
38:38 Masonry
38:33 Town Watch
39:11 Caravan
39:56 Conscription
39:31 Stone Mining
40:35 Gold Shaft Mining
42:00 Iron Casting
42:02 Fortified Wall
43:08 Heavy Plow
44:30 Chemistry
44:23 Pikeman
46:06 Blast Furnace
45:21 Heavy Scorpion
47:38 Halberdier
53:41 Legionary
WALLS
8:51 Loom
10:36 Feudal Age
15:05 Castle Age
13:16 Double-Bit Axe
15:00 Horse Collar
17:02 Bow Saw
21:22 Wheelbarrow
22:28 Gold Mining
23:39 Hand Cart
24:57 Stone Mining
25:31 Heavy Plow
26:53 Gold Shaft Mining
29:26 Caravan
32:24 Imperial Age
30:17 Town Watch
30:38 Padded Archer Armor
31:24 Ballistics
31:15 Masonry
30:46 Treadmill Crane
32:07 Town Patrol
33:26 Leather Archer Armor
33:18 Heated Shot
34:02 Architecture
34:12 Bloodlines
34:03 Husbandry
33:25 Heavy Camel Rider
33:43 Elite Janissary
35:44 Two-Man Saw
35:27 Ring Archer Armor
35:03 Scale Barding Armor
35:22 Bombard Tower
37:23 Fletching
37:54 Chain Barding Armor
37:46 Forging
39:11 Plate Barding Armor
39:18 Bodkin Arrow
39:59 Iron Casting
39:30 Murder Holes
41:47 Conscription
44:17 Blast Furnace
44:32 Bracer
44:31 Arrowslits
48:44 Hoardings
48:16 Artillery
48:55 Hoardings
52:42 Thumb Ring
Connection lost

Rejoining the realm…

Still unreachable

The connection could not be restored.

Session expired

The server has moved on; the page needs a fresh start.